 Dungeon Crawl Stone Soup version 0.29-a0-275-g389c0b56f3 (webtiles) character file.

Game seed: 14964931063234590782

113491 jfcaron the Marksgnoll (level 16, -7/187 HPs)
             Began as a Gnoll Summoner on Mar 11, 2022.
             Was a High Priest of Trog.
             Mangled by a demonic crawler (9 damage)
             ... on level 3 of the Lair of Beasts on Mar 12, 2022.
             The game lasted 01:49:29 (35015 turns).

jfcaron the Marksgnoll (Gnoll Summoner)            Turns: 35015, Time: 01:49:30

Health: -7/187     AC: 30    Str: 11 (13) XL:     16   Next: 63%
Magic:  1/32       EV:  5    Int: 14 (16) God:    Trog [*****.]
Gold:   586        SH:  0    Dex: 16 (17) Spells: 36/39 levels left

rFire   + . .      SeeInvis +   a - +8 dire flail "Loci" {flame, +Blink Dex+3}
rCold   + . .      Faith    .   (shield currently unavailable)
rNeg    . . .      Spirit   .   H - +4 gold dragon scales
rPois   +          Reflect  .   x - +2 helmet {SInv}
rElec   .          Harm     .   v - +0 cloak
rCorr   +          Rampage  .   u - +0 pair of gloves
Will    ++...                   V - +0 pair of boots
Stlth   ..........              Y - amulet of regeneration
HPRegen 1.21/turn               J - +4 ring of evasion
MPRegen 0.23/turn               E - ring "Luzuits" {Will+ rCorr Stlth+}

@: berserking, studying Bows, very quick
A: fangs 1, strong nose, distributed training
a: Renounce Religion, Evoke Blink, Berserk, Trog's Hand, Brothers in Arms


You were on level 3 of the Lair of Beasts.
You worshipped Trog.
Trog was extremely pleased with you.
You visited 4 branches of the dungeon, and saw 24 of its levels.
You also visited: Sewer, Ossuary and Ice Cave.

You collected 3150 gold pieces.
You spent 2564 gold pieces at shops.

Inventory:

Hand Weapons
 a - the +8 dire flail "Loci" (weapon) {flame, +Blink Dex+3}
   (Trog gifted it to you on level 1 of the Orcish Mines)

   It burns those it strikes, dealing additional fire damage.
   Dex:       It affects your dexterity (+3).
   +Blink:    It lets you blink.
 n - a +4 vorpal double sword
 s - a +3 antimagic broad axe
 t - a +1 great mace of holy wrath
 X - the +4 hand axe of Jeuru {vorpal, rElec rCorr Str+6 Int+2}
   (You found it on level 1 of the Lair of Beasts)

   It inflicts extra damage upon your enemies.
   Str:       It affects your strength (+6).
   Int:       It affects your intelligence (+2).
   rElec:     It insulates you from electricity.
   rCorr:     It protects you from acid and corrosion.
Missiles
 c - 639 stones
 f - 2 boomerangs of dispersal
 g - 10 poisoned darts (quivered)
 i - 6 curare-tipped darts {!f}
 p - 6 datura-tipped darts {!f}
 G - 2 atropa-tipped darts {!f}
 I - 3 throwing nets {!f}
 M - 6 silver javelins {!f}
Armour
 u - a +0 pair of gloves (worn)
 v - a +0 cloak (worn)
 x - a +2 helmet of see invisible (worn)
 H - +4 gold dragon scales (worn)
 V - a +0 pair of boots (worn)
Jewellery
 h - a ring of see invisible
 E - the ring "Luzuits" (right hand) {Will+ rCorr Stlth+}
   (You found it in an ice cave)

   [ring of willpower]

   rCorr:     It protects you from acid and corrosion.
   Will:      It increases your willpower.
   Stlth:     It makes you more stealthy.
 J - a +4 ring of evasion (left hand)
 Y - an amulet of regeneration (around neck)
Wands
 d - a wand of paralysis (2)
 y - a wand of iceblast (8)
 N - a wand of acid (1)
Scrolls
 j - 9 scrolls of teleportation
 k - a scroll of identify
 q - 4 scrolls of blinking
 B - 4 scrolls of magic mapping
 D - 3 scrolls of fog
 L - a scroll of fear
 P - 4 scrolls of holy word
 R - 6 scrolls of vulnerability
 U - 2 scrolls of immolation
Potions
 e - 5 potions of berserk rage
 l - 10 potions of heal wounds
 m - 3 potions of flight
 o - 6 potions of might
 r - 2 potions of mutation
 w - a potion of attraction
 z - 5 potions of curing
 A - 4 potions of cancellation
 K - 7 potions of ambrosia
 Q - 3 potions of resistance
 S - 8 potions of lignification
 T - a potion of haste
 W - 2 potions of invisibility
Miscellaneous
 b - a condenser vane (inert)


   Skills:
 + Level 11.0 Fighting
 + Level 11.0 Short Blades
 + Level 11.0 Long Blades
 + Level 11.0 Axes
 + Level 11.0 Maces & Flails
 + Level 11.0 Polearms
 + Level 11.0 Staves
 + Level 11.0 Slings
 + Level 15.0 Bows
 + Level 11.0 Crossbows
 + Level 11.0 Throwing
 + Level 11.0 Armour
 + Level 11.9 Dodging
 + Level 11.8 Stealth
 + Level 11.0 Shields
 + Level 11.0 Unarmed Combat
 + Level 12.1 Spellcasting
 + Level 9.3 Conjurations
 + Level 9.3 Hexes
 + Level 11.6 Summonings
 + Level 9.3 Necromancy
 + Level 9.3 Translocations
 + Level 9.3 Transmutations
 + Level 9.3 Fire Magic
 + Level 9.3 Ice Magic
 + Level 9.3 Air Magic
 + Level 9.3 Earth Magic
 + Level 9.3 Poison Magic
 + Level 12.0 Invocations
 + Level 11.0 Evocations


You had 36 spell levels left.
You knew the following spells:

 Your Spells              Type           Power      Damage    Failure   Level
a - Summon Small Mammal   Summ           100%       N/A       75%         1
b - Call Imp              Summ           41%        N/A       86%         2

Your spell library contained the following spells:

 Spells                   Type           Power      Damage    Failure   Level
 Apportation              Tloc           68%        N/A       96%         1
 Magic Dart               Conj           100%       1d8       96%         1
 Sandblast                Erth           68%        2d15      96%         1
 Call Canine Familiar     Summ           41%        N/A       98%         3
 Blink                    Tloc           68%        N/A       99%         2
 Ensorcelled Hibernation  Hex/Ice        68%        N/A       99%         2
 Passwall                 Tmut/Erth      28%        N/A       99%         2
 Static Discharge         Conj/Air       34%        N/A       99%         2
 Summon Guardian Golem    Hex/Summ       37%        N/A       99%         3
 Frozen Ramparts          Ice            68%        1d8       100%        3
 Ignite Poison            Fire/Tmut/Pois 34%        N/A       100%        3
 Mephitic Cloud           Conj/Pois/Air  34%        N/A       100%        3
 Spider Form              Tmut/Pois      34%        N/A       100%        3
 Stone Arrow              Conj/Erth      68%        3d11      100%        3
 Swiftness                Air            34%        N/A       100%        3
 Tukima's Dance           Hex            34%        N/A       100%        3
 Anguish                  Hex/Necr       17%        N/A       100%        4
 Animate Armour           Summ/Erth      74%        N/A       100%        4
 Ice Form                 Ice/Tmut       34%        N/A       100%        4
 Petrify                  Tmut/Erth      34%        N/A       100%        4
 Summon Ice Beast         Ice/Summ       37%        N/A       100%        4
 Summon Lightning Spire   Summ/Air       37%        N/A       100%        4
 Alistair's Intoxication  Tmut/Pois      22%        N/A       100%        5
 Fireball                 Conj/Fire      17%        3d9       100%        5
 Freezing Cloud           Conj/Ice/Air   17%        6-21      100%        5
 Lightning Bolt           Conj/Air       17%        1d31      100%        5
 Manifold Assault         Tloc           34%        N/A       100%        5
 Metabolic Englaciation   Hex/Ice        17%        N/A       100%        5
 Statue Form              Tmut/Erth      22%        N/A       100%        6
 Enfeeble                 Hex            17%        N/A       100%        7
 Storm Form               Tmut/Air       17%        N/A       100%        7
 Lehudib's Crystal Spear  Conj/Erth      17%        10d5      100%        8
 Maxwell's Capacitive Co  Air            17%        ∞         100%        8
 Chain Lightning          Conj/Air       17%        3d22      100%        9
 Fire Storm               Conj/Fire      17%        8d4       100%        9
 Shatter                  Erth           17%        3d16*     100%        9


Dungeon Overview and Level Annotations

Branches:
Dungeon (15/15)            Temple (0/1) D:6            Lair (6/6) D:10
 Shoals (0/4) Lair:2       Spider (1/4) Lair:3        Slime (0/5) Lair:5
    Orc (2/2) D:12            Elf (0/3) Orc:2        Vaults (0/5) D:14
 Depths (0/4) D:15          Sewer (visited)         Ossuary (visited)
  IceCv (visited)

Altars:
Cheibriados
Elyvilon
Fedhas
Gozag
Nemelex Xobeh
Okawaru
Qazlal
Ru
Trog
Wu Jian
Xom
Zin
The Shining One
Jiyva

Shops:
D:3 [   D:6 [   D:9 !!*   D:12 *   D:13 =   Orc:2 **[!

Annotations:
Orc:1 1 transporter


Innate Abilities, Weirdness & Mutations

You have very sharp teeth.
Your uncanny sense of smell can sniff out nearby items.
Your experience applies equally to all skills.


Message History

* * * LOW HITPOINT WARNING * * *
You feel clumsy.
The demonic crawler hits you but does no damage.
The demonic crawler completely misses you.
The demonic crawler hits you.
* * * LOW HITPOINT WARNING * * *
The culicivora barely misses you.
The jumping spider leaps!
The ghost moth hits you.
* * * LOW HITPOINT WARNING * * *
The ghost moth hits you but does no damage.
The ghost moth stings you but does no damage.
The demonic crawler hits you.
* * * LOW HITPOINT WARNING * * *
The demonic crawler hits you!
* * * LOW HITPOINT WARNING * * *
The demonic crawler hits you but does no damage.
You climb upwards.
Welcome back to the Lair of Beasts!
You feel a strong urge to attack something.
There is a hole to the Spider Nest here.
Unknown command.
You are too berserk!
Unknown command.
You closely miss the ghost moth. Your bite misses the ghost moth.
The ghost moth is almost dead.
The culicivora bites you but does no damage.
Unknown command.
Okay, then.
You puncture the ghost moth! You burn the ghost moth.
You kill the ghost moth!
Trog accepts your kill.
The demonic crawler hits you but does no damage.
The demonic crawler hits you.
* * * LOW HITPOINT WARNING * * *
The demonic crawler hits you.
* * * LOW HITPOINT WARNING * * *
Unknown command.
The demonic crawler attacks as you move away!
The demonic crawler hits you but does no damage.
The demonic crawler hits you!
You die...

#..'...#####^....####..........
##.....##.#^#...#^###..........
#..#...###.###.###.##.##.....##
###..###..###†#^#.#.###.#........
.##.......##^###^#.#^##.#........
..........###.#^#####^#.#........
....####..##.###.#.#.##..........
..### ##.###^#...#^###..........
...# #.####..@..####.#........
...# #[.####.ss####......÷=...
..## #....##≈≈≈# #...##..##...
..P# #....#....####...........
...# #........................
..#######........................
...##.#.#........................
.................................
..................P..............


You could see a demonic crawler and a culicivora.

Vanquished Creatures
  Rupert (D:14)
  2 orc warlords
  A ghost moth (Lair:3)
  A dire elephant (Lair:6)
  Josephine (D:14)
  3 ettins
  2 fire dragons
  A rakshasa (D:14)
  An ice dragon (IceCv)
  8 vault guards (D:14)
  8 hydras
  Fannar (Lair:3)
  5 boulder beetles
  7 centaur warriors
  2 catoblepae
  3 death yaks (Lair:6)
  2 two-headed ogres (D:13)
  2 tengu warriors
  3 orc high priests (Orc:2)
  Sonja (D:13)
  Nergalle (Orc:1)
  A skeletal warrior (D:14)
  A swamp dragon (Lair:6)
  A steelbarb worm (Spider:1)
  3 deep trolls (D:15)
  9 orc knights
  Pikel (D:7)
  6 orc sorcerers
  4 wolf spiders
  2 necromancers (D:15)
  4 cyclopes
  A moth of wrath (D:13)
  A wizard (D:6)
  15 ugly things
  6 manticores
  2 ice statues (IceCv)
  10 black mambas
  8 elephants
  12 cane toads
  2 gargoyles
  A torpor snail (Lair:5)
  10 rime drakes
  3 demonic crawlers (D:13)
  A cane toad (shapeshifter) (D:15)
  2 unseen horrors
  12 komodo dragons
  3 kobold demonologists (D:11)
  An efreet (D:14)
  11 trolls
  A queen bee (D:11)
  A merfolk (shapeshifter) (Lair:4)
  2 polar bears
  3 hornets
  A snapping turtle (Lair:2)
  3 dream sheep (Lair:6)
  6 slime creatures
  8 blink frogs
  A tarantella (Spider:1)
  A shadow (D:12)
  3 culicivoras
  10 jumping spiders
  A vampire (D:12)
  48 yaks
  A hog (shapeshifter) (D:15)
  2 wyverns
  Grum (D:9)
  8 wraiths
  2 basilisks
  A steam dragon (shapeshifter) (D:14)
  4 steam dragons
  10 wargs
  3 swamp worms (D:13)
  12 vampire mosquitoes
  A naga (D:7)
  6 redbacks
  3 acid dragons
  14 water moccasins
  2 ice beasts
  26 orc warriors
  2 swamp drakes (Lair:6)
  A black bear (Lair:2)
  A sky beast (D:8)
  34 wolves
  3 ogres
  2 tengu
  11 centaurs
  3 phantoms
  2 kobold brigands
  8 bullfrogs
  A necrophage (D:5)
  A gnoll sergeant (D:9)
  3 scorpions
  2 water moccasin zombies (Ossuary)
  5 wights (D:7)
  27 killer bees
  7 lindwurm simulacra (IceCv)
  4 electric eels (D:12)
  5 howler monkeys
  4 komodo dragon simulacra (IceCv)
  2 jellies
  18 orc priests
  A gnoll shaman (D:6)
  2 hounds
  Crazy Yiuf (D:2)
  5 iguanas
  22 orc wizards
  7 hell rats (Lair:2)
  2 mummies (Ossuary)
  Robin (D:3)
  13 adders
  25 gnolls
  4 acid dragon simulacra (IceCv)
  A river rat (D:4)
  3 white imps
  6 steam dragon simulacra (IceCv)
  An adder zombie (Ossuary)
  3 worms
  4 dart slugs
  63 orcs
  2 bats
  26 endoplasms
  14 giant cockroaches
  4 gnoll zombies (Ossuary)
  18 goblins
  5 hobgoblins
  2 jackals
  9 quokkas
  16 ball pythons
  15 frilled lizards
  2 goblin zombies (D:8)
  7 hobgoblin zombies (Ossuary)
  19 kobolds
  3 kobold zombies (Ossuary)
  3 orc zombies (Ossuary)
  8 rats
  A bush (Lair:2)
  62 fungi
  71 plants
971 creatures vanquished.

Notes
Turn   | Place    | Note
-------+----------+-------------------------------------------
     0 | D:1      | jfcaron the Gnoll Summoner began the quest for the Orb.
     0 | D:1      | Reached XP level 1. HP: 13/13 MP: 6/6
   134 | D:1      | Reached XP level 2. HP: 15/19 MP: 5/7
   138 | D:1      | Learned a level 2 spell: Call Imp
   468 | D:1      | Found a faded altar of an unknown god.
   488 | D:1      | Prayed at the altar of an unknown god.
   488 | D:1      | Became a worshipper of Trog the Wrathful
   488 | D:1      | Reached * piety under Trog
   758 | D:2      | Reached skill level 5 in Spellcasting
   758 | D:2      | Reached XP level 3. HP: 11/25 MP: 7/9
  1188 | D:2      | Reached skill level 1 in Invocations
  1250 | D:2      | Reached skill level 1 in Fighting
  1250 | D:2      | Reached skill level 1 in Short Blades
  1250 | D:2      | Reached skill level 1 in Long Blades
  1250 | D:2      | Reached skill level 1 in Axes
  1250 | D:2      | Reached skill level 1 in Maces & Flails
  1250 | D:2      | Reached skill level 1 in Polearms
  1250 | D:2      | Reached skill level 1 in Staves
  1250 | D:2      | Reached skill level 1 in Slings
  1250 | D:2      | Reached skill level 1 in Bows
  1250 | D:2      | Reached skill level 1 in Crossbows
  1250 | D:2      | Reached skill level 1 in Throwing
  1250 | D:2      | Reached skill level 1 in Armour
  1250 | D:2      | Reached skill level 1 in Shields
  1250 | D:2      | Reached skill level 1 in Unarmed Combat
  1250 | D:2      | Reached skill level 1 in Evocations
  1276 | D:2      | Noticed a scorpion
  1287 | D:2      | Killed a scorpion
  1288 | D:2      | Reached skill level 1 in Conjurations
  1288 | D:2      | Reached skill level 1 in Hexes
  1288 | D:2      | Reached skill level 1 in Necromancy
  1288 | D:2      | Reached skill level 1 in Translocations
  1288 | D:2      | Reached skill level 1 in Transmutations
  1288 | D:2      | Reached skill level 1 in Fire Magic
  1288 | D:2      | Reached skill level 1 in Ice Magic
  1288 | D:2      | Reached skill level 1 in Air Magic
  1288 | D:2      | Reached skill level 1 in Earth Magic
  1288 | D:2      | Reached skill level 1 in Poison Magic
  1288 | D:2      | Reached XP level 4. HP: 32/32 MP: 11/11
  1613 | D:2      | Found a runed translucent door.
  1614 | D:2      | Noticed Crazy Yiuf
  1663 | D:2      | Reached XP level 5. HP: 37/37 MP: 12/12
  1764 | D:2      | HP: 11/55 [gnoll/+0 spear (5)]
  2425 | D:2      | Killed Crazy Yiuf
  2426 | D:2      | Reached XP level 6. HP: 17/44 MP: 13/13
  2949 | D:3      | Found Weczipyd's Armour Emporium.
  2957 | D:3      | Bought a +0 helmet of see invisible for 161 gold pieces
  3116 | D:3      | Noticed Robin
  3120 | D:3      | Reached ** piety under Trog
  3134 | D:3      | Killed Robin
  3528 | D:3      | Reached skill level 5 in Dodging
  3869 | D:4      | Reached skill level 2 in Bows
  3872 | D:4      | HP: 7/44 [tengu (2)]
  3878 | D:4      | Reached XP level 7. HP: 23/50 MP: 15/15
  3880 | D:4      | HP: 9/50 [gnoll/+0 spear (6)]
  3960 | D:4      | Found a glowing drain.
  3987 | Sewer    | Entered a sewer
  4182 | Sewer    | Reached *** piety under Trog
  4577 | Sewer    | Reached skill level 5 in Stealth
  4862 | D:4      | Found a stormy altar of Qazlal.
  5081 | D:4      | Reached skill level 3 in Bows
  5081 | D:4      | Reached XP level 8. HP: 46/57 MP: 16/16
  5282 | D:4      | Found a sacrificial altar of Ru.
  5532 | D:5      | Entered Level 5 of the Dungeon
  5613 | D:5      | Found a sparkling altar of Nemelex Xobeh.
  5708 | D:5      | Reached **** piety under Trog
  6173 | D:5      | Found an iron altar of Okawaru.
  6471 | D:6      | Found a staircase to the Ecumenical Temple.
  6618 | D:6      | Found a glowing silver altar of Zin.
  6673 | D:6      | Found an opulent altar of Gozag.
  6673 | D:6      | Found a blossoming altar of Fedhas.
  6787 | D:6      | Reached skill level 4 in Bows
  7005 | D:6      | Found a snail-covered altar of Cheibriados.
  7091 | D:6      | Found a glowing golden altar of the Shining One.
  7297 | D:6      | Found an ornate altar of the Wu Jian Council.
  7580 | D:6      | Found Qarik's Antique Armour Shop.
  7594 | D:6      | Found a bloodstained altar of Trog.
  7597 | D:6      | Noticed a wizard
  7600 | D:6      | Killed a wizard
  7824 | D:7      | Reached XP level 9. HP: 65/65 MP: 18/18
  8074 | D:7      | Noticed an unseen horror
  8089 | D:7      | Killed an unseen horror
  8116 | D:7      | Noticed Maggie
  8118 | D:7      | Noticed Maggie
  8118 | D:7      | Maggie changed into Maggie the naga
  8123 | D:7      | Noticed Pikel
  8137 | D:7      | Killed Maggie the naga
  8138 | D:7      | Reached skill level 5 in Bows
  8138 | D:7      | Killed Pikel
  8256 | D:7      | Found a white marble altar of Elyvilon.
  8808 | D:7      | Reached skill level 5 in Invocations
  8835 | D:6      | Reached skill level 6 in Bows
  9319 | D:8      | Reached XP level 10. HP: 65/73 MP: 20/20
  9337 | D:8      | Found a shimmering altar of Xom.
  9390 | D:8      | Found a sand-covered staircase.
  9424 | Ossuary  | Entered an ossuary
  9538 | Ossuary  | Reached ***** piety under Trog
  9576 | Ossuary  | Reached skill level 5 in Fighting
  9576 | Ossuary  | Reached skill level 5 in Short Blades
  9576 | Ossuary  | Reached skill level 5 in Long Blades
  9576 | Ossuary  | Reached skill level 5 in Axes
  9576 | Ossuary  | Reached skill level 5 in Maces & Flails
  9576 | Ossuary  | Reached skill level 5 in Polearms
  9576 | Ossuary  | Reached skill level 5 in Staves
  9576 | Ossuary  | Reached skill level 5 in Slings
  9576 | Ossuary  | Reached skill level 5 in Crossbows
  9576 | Ossuary  | Reached skill level 5 in Throwing
  9576 | Ossuary  | Reached skill level 5 in Armour
  9576 | Ossuary  | Reached skill level 5 in Shields
  9576 | Ossuary  | Reached skill level 5 in Unarmed Combat
  9576 | Ossuary  | Reached skill level 5 in Evocations
 10607 | D:9      | Found Xumnus's Distillery.
 10613 | D:9      | Bought a potion of heal wounds for 70 gold pieces
 10613 | D:9      | Bought a potion of resistance for 140 gold pieces
 10613 | D:9      | Bought a potion of degeneration for 14 gold pieces
 10616 | D:9      | Bought a potion of lignification for 42 gold pieces
 10616 | D:9      | Bought a potion of haste for 140 gold pieces
 10652 | D:9      | Killed Grum
 10656 | D:9      | Reached skill level 7 in Bows
 10664 | D:9      | Found Nounevosk's Distillery.
 10816 | D:9      | Found Ysoihus's General Store.
 11430 | D:10     | Entered Level 10 of the Dungeon
 11430 | D:10     | Noticed an eight-headed hydra
 11437 | D:10     | Killed a ten-headed hydra
 11708 | D:10     | Found a staircase to the Lair.
 11734 | D:10     | Noticed an unseen horror
 11756 | D:10     | Killed an unseen horror
 11757 | D:10     | Reached XP level 11. HP: 73/81 MP: 22/22
 12030 | D:10     | Reached skill level 8 in Bows
 12488 | D:10     | Reached skill level 5 in Conjurations
 12488 | D:10     | Reached skill level 5 in Hexes
 12488 | D:10     | Reached skill level 5 in Necromancy
 12488 | D:10     | Reached skill level 5 in Translocations
 12488 | D:10     | Reached skill level 5 in Transmutations
 12488 | D:10     | Reached skill level 5 in Fire Magic
 12488 | D:10     | Reached skill level 5 in Ice Magic
 12488 | D:10     | Reached skill level 5 in Air Magic
 12488 | D:10     | Reached skill level 5 in Earth Magic
 12488 | D:10     | Reached skill level 5 in Poison Magic
 12814 | D:9      | Bought a potion of heal wounds for 75 gold pieces
 12885 | Lair:1   | Entered Level 1 of the Lair of Beasts
 13453 | Lair:1   | Identified the +4 hand axe of Jeuru {vorpal, rElec rCorr
                  | Str+6 Int+2}
 13867 | Lair:1   | HP: 15/82 [poisoned by a black mamba]
 14426 | Lair:2   | Noticed a five-headed hydra
 15026 | Lair:2   | Noticed a five-headed hydra
 15054 | Lair:2   | Reached skill level 9 in Bows
 15261 | Lair:2   | Killed a five-headed hydra
 15454 | Lair:2   | Reached XP level 12. HP: 56/89 MP: 24/24
 15525 | Lair:2   | Killed a five-headed hydra
 15631 | Lair:2   | Found a staircase to the Shoals.
 16907 | Lair:3   | Noticed Fannar
 17820 | Lair:3   | Reached skill level 10 in Bows
 18111 | Lair:3   | Killed Fannar
 18902 | Lair:3   | Found a hole to the Spider Nest.
 18935 | Lair:3   | HP: 18/91 [poisoned by a redback]
 18940 | Lair:3   | HP: 14/91 [poisoned by a redback]
 19304 | Lair:3   | Noticed a five-headed hydra
 19789 | Lair:3   | Killed a five-headed hydra
 19790 | Lair:3   | Reached XP level 13. HP: 56/98 MP: 26/26
 20506 | Lair:4   | Got Ymuol Zown's Compendium of Excruciating Ignition
 20819 | Lair:4   | Noticed Urug
 20821 | Lair:4   | Noticed Urug
 20821 | Lair:4   | Urug changed into Urug the glowing shapeshifter
 20822 | Lair:4   | Noticed Urug
 20822 | Lair:4   | Urug the glowing shapeshifter changed into Urug the glowing
                  | orange brain
 20832 | Lair:4   | Noticed Urug
 20832 | Lair:4   | Urug the glowing orange brain changed into Urug the death
                  | drake
 20833 | Lair:4   | Noticed Urug
 20833 | Lair:4   | Urug the death drake changed into Urug the merfolk
 20837 | Lair:4   | Killed Urug the merfolk
 20838 | Lair:4   | Reached skill level 11 in Bows
 21699 | Lair:5   | Received a gift from Trog
 21955 | Lair:5   | Reached skill level 10 in Summonings
 22137 | Lair:5   | Found a staircase to the Slime Pits.
 22138 | Lair:5   | Found a viscous altar of Jiyva.
 22696 | Lair:6   | Entered Level 6 of the Lair of Beasts
 22731 | Lair:6   | Reached skill level 10 in Spellcasting
 23597 | Lair:6   | Reached skill level 12 in Bows
 23604 | Lair:6   | Reached skill level 10 in Dodging
 23921 | Lair:6   | Reached XP level 14. HP: 106/106 MP: 28/28
 23979 | Lair:6   | Noticed a dire elephant
 23994 | Lair:6   | HP: 21/106 [dire elephant (12)]
 23994 | Lair:6   | HP: 6/106 [death yak (15)]
 23997 | Lair:6   | Killed a dire elephant
 24123 | Lair:6   | Reached skill level 10 in Stealth
 24530 | Lair:6   | Received a gift from Trog
 24576 | Lair:6   | Reached skill level 10 in Invocations
 24581 | Lair:6   | HP: 21/108 [poisoned by a swamp dragon (poison gas)]
 25036 | D:11     | Found a frozen archway.
 25062 | IceCv    | Entered an ice cave
 25747 | IceCv    | Identified the ring "Luzuits" {Will+ rCorr Stlth+}
 27560 | D:12     | Found a staircase to the Orcish Mines.
 27667 | D:12     | Found Itynuvo's General Store.
 27782 | D:12     | Reached skill level 13 in Bows
 28238 | Orc:1    | Entered Level 1 of the Orcish Mines
 28260 | Orc:1    | Identified the +8 dire flail "Loci" {flame, +Blink Dex+3}
                  | (Trog gifted it to you on level 1 of the Orcish Mines)
 28260 | Orc:1    | Received a gift from Trog
 28315 | Orc:1    | Noticed an orc warlord
 28329 | Orc:1    | Killed an orc warlord
 28331 | Orc:1    | Reached XP level 15. HP: 111/115 MP: 29/29
 28466 | Orc:1    | Found a transporter.
 28577 | Orc:1    | Noticed Nergalle
 28587 | Orc:1    | Killed Nergalle
 28883 | Orc:2    | Entered Level 2 of the Orcish Mines
 29113 | Orc:2    | Noticed an orc warlord
 29137 | Orc:2    | Killed an orc warlord
 29282 | Orc:2    | Received a gift from Trog
 29680 | Orc:2    | Reached skill level 10 in Fighting
 29680 | Orc:2    | Reached skill level 10 in Short Blades
 29680 | Orc:2    | Reached skill level 10 in Long Blades
 29680 | Orc:2    | Reached skill level 10 in Axes
 29680 | Orc:2    | Reached skill level 10 in Maces & Flails
 29680 | Orc:2    | Reached skill level 10 in Polearms
 29680 | Orc:2    | Reached skill level 10 in Staves
 29680 | Orc:2    | Reached skill level 10 in Slings
 29680 | Orc:2    | Reached skill level 10 in Crossbows
 29680 | Orc:2    | Reached skill level 10 in Throwing
 29680 | Orc:2    | Reached skill level 10 in Armour
 29680 | Orc:2    | Reached skill level 10 in Shields
 29680 | Orc:2    | Reached skill level 10 in Unarmed Combat
 29680 | Orc:2    | Reached skill level 10 in Evocations
 29845 | Orc:2    | Found Deschim's Magic Scroll Shoppe.
 29845 | Orc:2    | Found Johaah's Assorted Antiques.
 29869 | Orc:2    | Found Seamex's Distillery.
 29886 | Orc:2    | Found Jigextel's Armour Boutique.
 29940 | Orc:2    | Found a staircase to the Elven Halls.
 29954 | Orc:2    | Found Afo Eno's Overcharged Wands.
 30330 | Orc:2    | Bought gold dragon scales for 1840 gold pieces
 30421 | D:12     | Bought a scroll of enchant armour for 82 gold pieces
 31032 | D:13     | Found Cam Feghau's Jewellery Emporium.
 31126 | D:13     | Noticed Sonja
 31128 | D:13     | Killed Sonja
 31202 | D:13     | You fall into a shaft and drop 1 floor!
 31229 | D:14     | Found a gate to the Vaults.
 31267 | D:14     | Reached skill level 14 in Bows
 31273 | D:14     | Received a gift from Trog
 31622 | D:14     | Noticed Josephine
 31640 | D:14     | Killed Josephine
 31891 | D:14     | Reached XP level 16. HP: 94/120 MP: 31/31
 31930 | D:14     | Noticed Rupert
 31948 | D:14     | Killed Rupert
 33396 | D:15     | Entered Level 15 of the Dungeon
 34369 | D:15     | Received a gift from Trog
 34774 | D:15     | Found a staircase to the Depths.
 34978 | Spider:1 | Entered Level 1 of the Spider Nest
 34994 | Spider:1 | Reached skill level 15 in Bows
 35007 | Spider:1 | HP: 25/125 [demonic crawler (3)]
 35011 | Spider:1 | HP: 7/187 [demonic crawler (10)]
 35014 | Lair:3   | HP: 3/187 [demonic crawler (6)]
 35015 | Lair:3   | Mangled by a demonic crawler

Illustrated notes

Levels and vault maps discovered:
D:1:      ebering_hopf_link, layout_rooms, hellmonk_ecumenical_altar_lost_god
D:2:      minmay_recursive_quarters, layout_basic, uniq_crazy_yiuf_cottage
D:3:      layout_basic, serial_shops, shop, kennysheep_generic_room_7,
          uniq_robin
D:4:      layout_loops_cross, mainiacjoe_overflow_boulevard, marbit_many_paths,
          portal_sewer_entry_c, minmay_manual_monstrance
D:5:      layout_basic, mainiacjoe_overflow_surrounded_room,
          mainiacjoe_overflow_cross_hatched
D:6:      layout_loops_ring, tso_metal_star, nicolae_overflow_hidden_temple,
          trog_wizard, mainiacjoe_overflow_tiny_flanked,
          nzn_wu_jian_council_hall, mainiacjoe_overflow_catwalk_spiral,
          temple_pool_b, serial_shops,
          nicolae_shop_temple_entry_statues_fountains
D:7:      layout_basic, lemuel_round_altar, uniq_pikel, uniq_maggie
D:8:      layout_loops_ring, xom_teletrap_fun, enter_ossuary_4
D:9:      layout_basic, serial_shops, nicolae_lakefront_shop,
          nicolae_shop_stone, nicolae_shop_hallway_plus, uniq_grum
D:10:     layout_roguey, lair_entry_dummy
D:11:     layout_roguey, portal_ice_cave_rime, minivault_7
D:12:     layout_basic, david_orc_2, serial_shops, nicolae_shop_waterfront
D:13:     layout_loops_ring, dk_noncrumbling_4, nicolae_stop_n_shop_1,
          worms_lemuel, uniq_sonja
D:14:     minmay_triangles_in_corner, layout_cross, erik_vaults_2,
          grunt_decor_resistance, uniq_rupert, uniq_josephine
D:15:     hangedman_depths_entry_civil_slaughter, layout_basic
Lair:1:   layout_cave_shapes, chequers_serial_rivers_small_a,
          serial_bayou_shore_a, lemuel_fruit_tree, grunt_megastairs_2
Lair:2:   layout_cave_pods, minmay_shoals_entry_hut, special_room
Lair:3:   layout_chaotic_city, nicolae_spider_entry_tight_spaces,
          grunt_forest_large_clearings, uniq_fannar
Lair:4:   layout_cellular_growth, uniq_urug
Lair:5:   layout_concentric_octagons, slime_altar_1, grunt_megastairs_4
Lair:6:   guppyfry_lair_end_dragon, layout_layer_cave, hangedman_lair_in_review
Spider:1: layout_spider_delve
Orc:1:    emtedronai_trogs_sanctum, layout_caves, uniq_nergalle
Orc:2:    st_orc_elflike, layout_diamond_mine, nicolae_shop_overcharged_wands

Skill      XL: |  1  2  3  4  5  6  7  8  9 10 11 12 13 14 15 16 |
---------------+-------------------------------------------------+-----
Spellcasting   | 5 6 7 8 9 10 11 12 | 12.1
Invocations    | 1 2 3 4 5 6 7 8 9 10 11 12 | 12.0
Fighting       | 1 2 3 4 5 6 7 8 9 10 11 | 11.0
Short Blades   | 1 2 3 4 5 6 7 8 9 10 11 | 11.0
Long Blades    | 1 2 3 4 5 6 7 8 9 10 11 | 11.0
Axes           | 1 2 3 4 5 6 7 8 9 10 11 | 11.0
Maces & Flails | 1 2 3 4 5 6 7 8 9 10 11 | 11.0
Polearms       | 1 2 3 4 5 6 7 8 9 10 11 | 11.0
Staves         | 1 2 3 4 5 6 7 8 9 10 11 | 11.0
Slings         | 1 2 3 4 5 6 7 8 9 10 11 | 11.0
Bows           | 1 2 3 4 6 7 9 10 12 13 14 15 | 15.0
Crossbows      | 1 2 3 4 5 6 7 8 9 10 11 | 11.0
Throwing       | 1 2 3 4 5 6 7 8 9 10 11 | 11.0
Armour         | 1 2 3 4 5 6 7 8 9 10 11 | 11.0
Shields        | 1 2 3 4 5 6 7 8 9 10 11 | 11.0
Unarmed Combat | 1 2 3 4 5 6 7 8 9 10 11 | 11.0
Evocations     | 1 2 3 4 5 6 7 8 9 10 11 | 11.0
Conjurations   | 1 2 3 4 5 6 7 8 9 |  9.3
Hexes          | 1 2 3 4 5 6 7 8 9 |  9.3
Necromancy     | 1 2 3 4 5 6 7 8 9 |  9.3
Translocations | 1 2 3 4 5 6 7 8 9 |  9.3
Transmutations | 1 2 3 4 5 6 7 8 9 |  9.3
Fire Magic     | 1 2 3 4 5 6 7 8 9 |  9.3
Ice Magic      | 1 2 3 4 5 6 7 8 9 |  9.3
Air Magic      | 1 2 3 4 5 6 7 8 9 |  9.3
Earth Magic    | 1 2 3 4 5 6 7 8 9 |  9.3
Poison Magic   | 1 2 3 4 5 6 7 8 9 |  9.3
Dodging        | 5 6 7 8 9 10 11 | 11.9
Stealth        | 5 6 7 8 9 10 11 | 11.8
Summonings     | 8 9 10 11 | 11.6

Action                   |  1- 3 |  4- 6 |  7- 9 | 10-12 | 13-15 | 16-18 || total
-------------------------+-------+-------+-------+-------+-------+-------++-------
Melee: Mace              |     1 |       |       |       |       |       ||     1
       Hand axe          |    38 |   162 |   324 |   261 |    27 |       ||   812
       Bite              |     4 |    18 |    27 |    84 |   204 |    67 ||   404
       Punch             |       |     1 |     6 |    42 |    50 |       ||    99
       Scimitar          |       |       |    23 |   395 |    80 |       ||   498
       Short sword       |       |       |     1 |    69 |     1 |       ||    71
       Whip              |       |       |       |    72 |       |       ||    72
       Quarterstaff      |       |       |       |    19 |       |       ||    19
       Double sword      |       |       |       |       |   642 |       ||   642
       Demon trident     |       |       |       |       |    14 |       ||    14
       Broad axe         |       |       |       |       |    34 |       ||    34
       Dire flail        |       |       |       |       |   435 |   278 ||   713
       Great mace        |       |       |       |       |     3 |    10 ||    13
       Triple sword      |       |       |       |       |       |    10 ||    10
 Fire: Hunting sling     |       |    69 |    96 |       |       |       ||   165
Throw: Stone             |     7 |    21 |     7 |   206 |   129 |    61 ||   431
       Dart              |     3 |     2 |    26 |    50 |    53 |     8 ||   142
       Boomerang         |       |       |    76 |    25 |   354 |     8 ||   463
       Throwing net      |       |       |     2 |       |       |     1 ||     3
       Javelin           |       |       |       |       |     5 |       ||     5
 Cast: Summon Small Mamm |    15 |       |       |       |       |       ||    15
       Call Imp          |     3 |       |       |       |       |       ||     3
Invok: Berserk           |     3 |     5 |    10 |    10 |     9 |     3 ||    40
       Trog's Hand       |       |       |     2 |     1 |     2 |       ||     5
       Brothers in Arms  |       |       |       |     2 |     4 |     1 ||     7
Evoke: Wand              |       |     1 |     2 |    15 |    56 |     1 ||    75
       Piece from Xom's  |       |       |     1 |     3 |       |       ||     4
       Condenser vane    |       |       |       |       |     5 |     2 ||     7
  Use: Scroll            |       |     5 |     6 |     8 |    16 |       ||    35
       Potion            |       |     1 |       |     1 |     5 |     3 ||    10
 Stab: Sleeping          |     1 |       |     1 |     2 |     4 |       ||     8
       Held in net/web   |       |       |     2 |       |       |     1 ||     3
       Invisible         |       |       |     1 |       |       |     1 ||     2
       Distracted        |       |       |       |     1 |     2 |       ||     3
       Petrified         |       |       |       |       |     2 |       ||     2
       Petrifying        |       |       |       |       |     1 |       ||     1
       Paralysed         |       |       |       |       |     4 |       ||     4
Armor: Ring mail         |     4 |       |       |       |       |       ||     4
       Scale mail        |    17 |   160 |   193 |       |       |       ||   370
       Steam dragon scal |       |       |    33 |   253 |   227 |       ||   513
       Skin              |       |       |       |     7 |       |       ||     7
       Acid dragon scale |       |       |       |       |    50 |       ||    50
       Leather armour    |       |       |       |       |    18 |       ||    18
       Ice dragon scales |       |       |       |       |    10 |       ||    10
       Plate armour      |       |       |       |       |   162 |       ||   162
       Gold dragon scale |       |       |       |       |   111 |   437 ||   548
Dodge: Dodged            |    29 |   122 |   314 |   737 |   919 |   173 ||  2294

Table legend: (Time is in decaauts)
 A = Elapsed time spent in this place.
 B = Non-inter-level travel time spent in this place.
 C = Inter-level travel time spent in this place.
 D = Time resting spent in this place.
 E = Time spent auto-exploring this place.
 F = Levels seen in this place.
 G = Mean time per level.
                   A        B        C        D        E       F      G
               +--------+--------+--------+--------+--------+-----+--------+
         Total |  35383 |  33148 |   2235 |   9046 |  16701 |  27 | 1310.5 |
       Dungeon |  18783 |  17549 |   1234 |   3755 |   9944 |  15 | 1252.2 |
          Lair |  12546 |  11739 |    807 |   4358 |   5130 |   6 | 2091.0 |
   Spider Nest |     27 |     27 |      0 |      0 |      0 |   1 |   27.0 |
  Orcish Mines |   2038 |   1845 |    193 |    198 |   1029 |   2 | 1019.0 |
         Sewer |    803 |    803 |      0 |    310 |    166 |   1 |  803.0 |
       Ossuary |    414 |    414 |      0 |    107 |    199 |   1 |  414.0 |
      Ice Cave |    769 |    769 |      0 |    317 |    232 |   1 |  769.0 |
               +--------+--------+--------+--------+--------+-----+--------+

Top non-repeatable levels by time:
  Lair:2: 3209 daAuts
  Lair:3: 2828 daAuts
  Lair:6: 2283 daAuts
     D:2: 2040 daAuts
    D:11: 1760 daAuts
  Lair:1: 1570 daAuts
    D:14: 1555 daAuts
     D:6: 1509 daAuts
  Lair:4: 1465 daAuts
    D:10: 1421 daAuts
   Orc:2: 1408 daAuts
     D:9: 1197 daAuts
  Lair:5: 1189 daAuts
    D:13: 1185 daAuts
     D:4: 1162 daAuts
